Cogmind - Beta 9.6 @@@ ROGUE MODE // 2020.04.27 @ 06:41:18 Player: alice_fexa Result: Destroyed by exploding Fusion Modulator Performance ------------- Evolutions (0) 0 Regions Visited (1) 200 Robots Destroyed (17) 85 Value Destroyed (411) 411 Prototype IDs (0) 0 Alien Tech Used (0) 0 Bonus (0) 0 TOTAL SCORE: 696 Bonus ------- None Cogmind --------- Core Integrity 0/250 Matter 284/300 Energy 100/100 System Corruption 0% Temperature Cool (24) Movement Treading (200) Ox2 Location -10/Materials Parts ------- > --- POWER (1) -------- (None) > --- PROPULSION (2) --- Light Treads Wheel > --- UTILITY (2) ------ Large Storage Unit High-capacity Storage Unit > --- WEAPON (2) ------- Assault Rifle Light Assault Rifle > --- INVENTORY (18) --- Light Ion Engine Light Ion Engine Compact Wheel Heat Sink Heat Sink Small Storage Unit Hacking Suite Hacking Suite EM Pulse Gun Medium Laser Medium Laser Medium Laser Medium Laser Small Laser Assault Rifle Datajack Peak State ------------ > --- POWER ------------ Ion Engine > --- PROPULSION ------- Light Treads Wheel > --- UTILITY ---------- Large Storage Unit High-capacity Storage Unit > --- WEAPON ----------- Assault Rifle Light Assault Rifle > --- INVENTORY -------- Light Ion Engine Light Ion Engine Light Treads Compact Wheel Heat Sink Small Storage Unit Hacking Suite Hacking Suite EM Pulse Gun Medium Laser Medium Laser Medium Laser Medium Laser Small Laser Assault Rifle Datajack [Rating: 9] Favorites ----------- Power Ion Engine Engine Ion Engine Propulsion Wheel Treads Light Treads Wheel Wheel Utility High-capacity Storage Unit Device Heat Sink Storage High-capacity Storage Unit Weapon Assault Rifle Ballistic Gun Assault Rifle Build | -11 -10 ------- Run | Scr Mat Slots Evolved . | . . Power . | . . Propulsion . | . . Utility . | . . Weapon . | . . Parts Attached 14 | 6 8 Power 3 | 1 2 Engine 3 | 1 2 Core . | . . Reactor . | . . Propulsion 3 | 2 1 Treads 2 | 1 1 Leg . | . . Wheel 1 | 1 . Hover . | . . Flight . | . . Utility 5 | 1 4 Device 2 | . 2 Storage 3 | 1 2 Processor . | . . Hackware . | . . Protection . | . . Artifact . | . . Weapon 3 | 2 1 Energy Gun . | . . Energy Cannon . | . . Ballistic Gun 3 | 2 1 Ballistic Cannon . | . . Launcher . | . . Special Weapon . | . . Impact Weapon . | . . Slashing Weapon . | . . Piercing Weapon . | . . Special Melee Weapon . | . . Unidentified Prototypes . | . . Parts Lost 2 | . 2 Power 1 | . 1 Propulsion 1 | . 1 Utility . | . . Weapon . | . . Highest Loss Streak 1 | . 1 Average Slot Usage (%) 96 | . 96 Engine 13 | . 13 Treads 14 | . 14 Wheel 14 | . 14 Device 2 | . 2 Storage 22 | . 22 Ballistic Gun 28 | . 28 Naked Turns . | . . Heaviest Build 56 | 11 56 Greatest Support 20 | 20 10 Greatest Overweight (x) 5 | 1 5 Average Overweight (x) 2 | . 3 Largest Inventory Capacity 18 | 6 18 Average Capacity 12 | 5 12 Most Carried 16 | 4 16 Average Carried 9 | 1 10 Final Capacity 18 | 6 18 Final Carried 16 | 4 16 Class Distribution -------------------- 100% | Mutant Dominant Class ---------------- Mutant | -10/Materials Resources | -11 -10 ----------- Run | Scr Mat Matter Collected 635 | 214 421 Remotely . | . . Salvage Created 485 | . 485 Parts 28 | . 28 Haulers Intercepted . | . . Recyclers Shooed 1 | . 1 Parts Field Recycled . | . . Retrieved Matter . | . . Parts Self-Destructed . | . . Prevented . | . . Kills | -11 -10 ------- Run | Scr Mat Combat Hostiles Destroyed 15 | . 15 Guns 15 | . 15 Classes Destroyed 3 | . 3 Operator 2 | . 2 Swarmer 6 | . 6 Grunt 9 | . 9 Best Kill Streak 3 | . 3 Combat Bots Only 3 | . 3 Max Kills in Single Turn 1 | . 1 Gunslinging . | . . Exploded . | . . Melee . | . . Uniques/NPCs Destroyed . | . . Combat | -11 -10 -------- Run | Scr Mat Damage Taken 826 | . 826 Core 349 | . 349 Absorbed by Shields . | . . Core Remaining (%) 100 | 100 . Volleys Fired 65 | . 65 Largest 2 | . 2 Hottest 40 | . 40 Shots Fired 130 | . 130 Gun 130 | . 130 Cannon . | . . Launcher . | . . Special . | . . Kinetic 130 | . 130 Thermal . | . . Explosive . | . . Electromagnetic . | . . Robot Hit Streak 8 | . 8 Robot Miss Streak 3 | . 3 Penetration Max . | . . Secondary Targets . | . . Shots Hit Robots 82 | . 82 Core Hits 29 | . 29 Critical Hits 1 | . 1 Critical Kills 1 | . 1 Critical Parts Destroyed . | . . Melee Attacks . | . . Impact . | . . Slashing . | . . Piercing . | . . Sneak Attacks . | . . Combat Hostiles . | . . Follow-up Attacks . | . . Damage Inflicted 884 | . 884 Guns 884 | . 884 Cannons . | . . Explosions . | . . Melee . | . . Ramming . | . . Kinetic 884 | . 884 Thermal . | . . Explosive . | . . Electromagnetic . | . . Impact . | . . Slashing . | . . Piercing . | . . Highest Corruption . | . . Average Corruption . | . . Corruption Purged . | . . Overload Shots . | . . Overflow Damage . | . . Projectiles . | . . Explosions . | . . Melee . | . . Knockbacks . | . . Impact . | . . Kinetic . | . . Secondary . | . . Self-Inflicted Damage . | . . Shots . | . . Rammed . | . . Targets Rammed . | . . Kicked . | . . Crushed . | . . Highest Temperature 18 | . 18 Average Temperature 9 | . 9 Received Heat Transfer 246 | . 246 Siege Activations . | . . Robots Corrupted . | . . Combat Hostiles . | . . Parts Fried . | . . Impact Corruptions . | . . Robots Melted . | . . Combat Hostiles . | . . Parts Melted . | . . Heat Transferred . | . . Parts Sabotaged . | . . Parts Stolen . | . . Parts Stripped . | . . Power Chain Reactions . | . . Missiles Intercepted . | . . Alert | -11 -10 ------- Run | Scr Mat Peak Influence 225 | . 225 Average Influence 119 | . 130 Maximum Alert Level 1 | . 1 Low Security (%) 86 | 100 85 Level 1 13 | . 14 Level 2 . | . . Level 3 . | . . Level 4 . | . . Level 5 . | . . High Security . | . . Max Security . | . . Squads Dispatched 4 | . 4 Investigation 1 | . 1 Extermination . | . . Reinforcement 3 | . 3 Assault . | . . Garrison . | . . Intercept . | . . Construction Impeded . | . . Haulers Reinforced . | . . Stealth | -11 -10 --------- Run | Scr Mat Distress Signals . | . . Communications Jammed . | . . Distress Signals . | . . Times Spotted 23 | . 23 Peak Tracking Total 4 | . 4 Tactical Retreats 3 | . 3 Traps | -11 -10 ------- Run | Scr Mat Traps Triggered 1 | . 1 Indirectly . | . . Trap Hack Attempts . | . . Triggered . | . . Disarmed . | . . Reprogrammed . | . . Reused . | . . Traps Extracted . | . . Installed . | . . Triggered . | . . Machines | -11 -10 ---------- Run | Scr Mat Machines Disabled . | . . Max in Single Turn . | . . Machines Sabotaged . | . . Garrisons Compromised . | . . Overloaded Fab Kills . | . . Fab Network Shutdowns . | . . Hacking | -11 -10 --------- Run | Scr Mat Machines Accessed . | . . Terminals . | . . Fabricators . | . . Repair Stations . | . . Recycling Units . | . . Scanalyzers . | . . Garrison Access . | . . Total Hacks . | . . Successful . | . . Failed . | . . Catastrophic . | . . Database Lockouts . | . . Manual . | . . Terminals . | . . Fabricators . | . . Repair Stations . | . . Recycling Units . | . . Scanalyzers . | . . Garrison Access . | . . Terminal Hacks . | . . Fabricator Hacks . | . . Repair Station Hacks . | . . Recycling Unit Hacks . | . . Scanalyzer . | . . Garrison Access Hacks . | . . Unauthorized Hacks . | . . Terminals . | . . Fabricators . | . . Repair Stations . | . . Recycling Units . | . . Scanalyzers . | . . Garrison Access . | . . Data Cores Recovered . | . . Used . | . . Hacking Detections . | . . Full Trace Events . | . . Feedback Events . | . . Feedback Blocked . | . . Robot Schematics Acquired . | . . Robots Built . | . . Matter . | . . Time . | . . Total Robot Build Rating . | . . Part Schematics Acquired . | . . Parts Built . | . . Matter . | . . Time . | . . Total Part Build Rating . | . . Parts Repaired . | . . Time . | . . Parts Recycled . | . . Recycled Matter . | . . Retrieved Matter . | . . Retrieved Components . | . . Parts Scanalyzed . | . . Part Schematics Acquired . | . . Parts Damaged . | . . Bothacking | -11 -10 ------------ Run | Scr Mat Used RIF Installer . | . . Robots Hacked . | . . Non-combat . | . . Combat . | . . Robot Hacks Applied . | . . Relay Couplers Released . | . . Robots Rewired . | . . Allies Hacked . | . . Hacks Repelled . | . . Allies | -11 -10 -------- Run | Scr Mat Total Allies . | . . Largest Group . | . . Highest-Rated Group . | . . Highest-Rated Ally . | . . Total Orders . | . . Ally Attacks . | . . Total Damage . | . . Kills . | . . Allies Corrupted . | . . Allies Melted . | . . Intel | -11 -10 ------- Run | Scr Mat Robot Analysis Total . | . . Derelict Logs Recovered . | . . Drone Launches . | . . Drone Recoveries . | . . Exploration | -11 -10 ------------- Run | Scr Mat Turns Passed 573 | 47 526 Spaces Moved 274 | 30 244 Core 2 | 2 . Treads 13 | 13 . Legs . | . . Wheels 259 | 15 244 Hover . | . . Flight . | . . Fastest Speed 50 | 50 90 Average Speed 112 | 116 112 Slowest Speed 160 | 160 130 Overloaded Moves . | . . Propulsion Burnouts . | . . Robots Hopped . | . . Cave-ins Triggered . | . . Exploration Rate (%) 21 | 3 39 Regions Visited 1 Branch Regions . Pre-discovered Areas . | . . Known Exits Taken . | . . Unknown Exits Taken 1 | 1 . Scrap Searched . | . . Spaces Dug . | . . Terrain Destroyed . | . . Melee . | . . Projectile . | . . AOE . | . . Actions | -11 -10 --------- Run | Scr Mat Total 412 | 39 373 Wait 39 | . 39 Move 273 | 29 244 Hop . | . . Pick Up 16 | 4 12 Fast Attach 8 | 6 2 Attach 1 | . 1 Detach . | . . Swap 5 | . 5 Drop 5 | . 5 Fire 65 | . 65 Melee . | . . Ram . | . . Kick . | . . Crush . | . . Escape Stasis . | . . Rewire . | . . Trap . | . . Miscellaneous . | . . Route ------- -11/Scrapyard -10/Materials (discovered 1 exit: [*Mat]) History --------- Turn | Location | Event 31 | -11/Scrapyard | Discovered new exit (range 15) 48 | -11/Scrapyard | Entered Materials 301 | -10/Materials | Build established: Mutant 506 | -10/Materials | Core integrity fell below 50% 543 | -10/Materials | Discovered new exit (range 3) 574 | -10/Materials | Destroyed by exploding Fusion Modulator Last Messages --------------- 00490_ S-10 Pest destroyed. 00491_ Acquired 12 matter. 00494_ Acquired 2 matter. 00507_ S-10 Pest destroyed. 00509_ R-06 Scavenger collects Sml. Laser. 00526_ S-10 Pest destroyed. 00530_ K-01 Serf collects debris. 00530_ Acquired 2 matter. 00533_ Acquired 11 matter. 00534_ Acquired 16 matter. 00541_ Acquired 21 matter. 00543_ EXIT=FOUND 00545_ K-01 Serf collects debris. 00545_ O-16 Technician: "IFF HANDSHAKE FAILED. SECURING TERMINAL." 00550_ ALERT: Hostiles spotted, dispatching reinforcements to Terminal M001. 00562_ Ion Engine destroyed. 00563_ S-10 Pest destroyed. 00573_ K-01 Serf collects debris. 00574_ Fusion Modulator explodes. Map ----- +----------------------------------------------------+ | # !! # # !| + # + | | # + + | # # # | | # ! # # # # # | | ####### #####+### ########## | | ?????# ! #### ### ########## | | ?????# ^ | | ?????#= | | ?????#= = #######+####^ | | ???####/######## ?? | | ???# # +? | | ???# """ # """#?? | | ???# Y" # """#??####### | | ???# === """ # """#????????? | | ???# == # #????????? | | ???# == % # #????????? | | ???#= # ?????????? | | ???######+##############??????? | | ?????# ?????? | | ??#### < ?????? | | ??# ; "?????? | | ?##;;;;;;;;; "?????? | | ?# ; "?????? | | ?# ; ??????? | | ?# ; g ???????? | | ?# ; ???????? | | ?# [ @ ; ???????? | | ?##;;k;;;;;; ????????? | | ??# ; = ????????? | | ??###% ?????????? | | ????# ?????????? | | ????# ## ### ??????????? | | ????# #? #??????????????? | | ????# #??!==!!#??????????????? | | ????# #??!==!!#??????????????? | | ????# #???#####??????????????? | | ????# #??????????????????????? | | ????# #??????????????????????? | | ????# #??????????????????????? | | ????? #??????????????????????? | | ????? ???????????????????????? | | ????? ???????????????????????? | | ????? ???????????????????????? | | ??????????????????????????????? | | ??????????????????????????????? | | ??????????????????????????????? | | ??????????????????????????????? | | ??????????????????????????????? | | ??????????????????????????????? | | ??????????????????????????????? | | ??????????????????????????????? | +----------------------------------------------------+ Best States ------------- Heat Dissipation 35 Energy Generation 10 Energy Capacity 250 Matter Stores 300 Matter Capacity 300 Sight Range 16 Terrain Scan Density 10 Evasion (%) 44 Recoil Reduction 1 Item Schematics ----------------- None Robot Schematics ------------------ None Fabricated ------------ Nothing Alien Tech Used ----------------- None Achievements -------------- None Challenges ------------ None Game ------ Seed CryofiberGuidedReconstructor Manual? 0 Play Time 00:05:31 Cumulative 795.9 hours Start 2020.04.27 @ 06:38:17 End 2020.04.27 @ 06:41:18 Sessions 1 Manual Loads 0 Difficulty Rogue Special Mode None Game No. 680 Rogue 640 Adventurer 40 Explorer 0 Win Type - Total 77 Types 52/2/17/2/0/2/2 Lore% 93 Gallery% 96 Achievement% 78 Wizard Run 0 Options --------- ASCII 0 Keyboard 0 Movement Numpad Keybinds 0 Fullscreen 0 Font 16/Terminus Map View 76x50 Tactical HUD 1 Map Filters NONE Filters NONE Steam 1 RUN: a10f74b4-561b-43f6-9905-0c5c5a341c04